 Dungeon Crawl Stone Soup version 0.18-a0-816-g97f838e (webtiles) character file.

151 cluie the Conjurer (level 5, 0/37 HPs)
             Began as a Demonspawn Conjurer on Dec 15, 2015.
             Was an Initiate of Gozag.
             Killed from afar by cluie's ghost (8 damage)
             ... with a magic dart
             ... on level 3 of the Dungeon.
             The game lasted 00:04:48 (2078 turns).

cluie the Conjurer (Demonspawn Conjurer)            Turns: 2078, Time: 00:04:49

Health: 0/37       AC:  4    Str:  8    XL:     5   Next: 10%
Magic:  7/9        EV: 13    Int: 18    God:    Gozag
Gold:   34         SH:  0    Dex: 13    Spells: 3 memorised, 3 levels left

rFire  . . .     SeeInvis .     e - +0 whip
rCold  . . .     Clarity  .     k - +0 robe (curse)
rNeg   . . .     SustAt   .     (no shield)
rPois  .         Gourm    .     (no helmet)
rElec  .         Spirit   .     (no cloak)
rCorr  .         Dismiss  .     (no gloves)
rMut   .         Stasis   .     (no boots)
MR     .....                    (no amulet)
Stlth  ++........               (no ring)
                                (no ring)

@: very slightly contaminated, not resistant to hostile enchantments, unstealthy
A: yellow scales 1, powered by death 1
a: Potion Petition, Call Merchant, Bribe Branch, Renounce Religion


You were on level 3 of the Dungeon.
You worshipped Gozag.
Gozag was noncommittal.
You were hungry.

You visited 1 branch of the dungeon, and saw 3 of its levels.

You collected 57 gold pieces.
You paid 23 gold pieces to Gozag.

Inventory:

Hand Weapons
 e - a +0 whip (weapon)
Armour
 k - a cursed +0 robe (worn)
Scrolls
 f - a scroll of remove curse
 j - a scroll of magic mapping
Potions
 d - a potion of haste {unknown}
 g - a potion of flight {unknown}
 i - 2 potions of curing {unknown}
 l - a potion of heal wounds {unknown}
Books
 b - a book of Conjurations

   Spells                             Type                      Level
   a - Magic Dart                     Conjuration                  1
   b - Searing Ray                    Conjuration                  2
   c - Dazzling Spray                 Conjuration/Hexes            3
   d - Fulminant Prism                Conjuration/Hexes            4
   e - Iskenderun's Mystic Blast      Conjuration                  4
   f - Iskenderun's Battlesphere      Conjuration/Charms           5
Comestibles
 a - 10 chunks of flesh
 c - 5 bread rations


   Skills:
 + Level 1.6 Fighting
 + Level 2.8 Dodging
 - Level 1.7 Stealth
 + Level 3.0 Spellcasting
 * Level 4.8 Conjurations


You had 3 spell levels left.
You knew the following spells:

 Your Spells              Type           Power        Failure   Level  Hunger
a - Magic Dart            Conj           ###.         1%          1    None
b - Searing Ray           Conj           ###...       3%          2    ##.....
c - Iskenderun's Mystic   Conj           ###.....     24%         4    ####...


Dungeon Overview and Level Annotations

Branches:
Dungeon (3/15)

Altars:
Dithmenos
Elyvilon
Gozag
Makhleb
Qazlal
Xom
Yredelemnul

Annotations:
D:3 cluie's ghost, amateur DsCj


Innate Abilities, Weirdness & Mutations

You are partially covered in yellow scales (AC +2).
You regenerate a little health from kills.


Message History

The searing ray hits cluie's ghost.
Cluie's ghost is heavily damaged.
Cluie's ghost hits you.
Drink which item? (? for menu, Esc to quit)
Magic courses through your body. Cluie's ghost casts a spell at you.
The magic dart hits you!
* * * LOW HITPOINT WARNING * * *
Casting: Searing Ray
Confirm with . or Enter, or press ? or * to list all spells.
Aiming: Searing Ray
Press: ? - help, Shift-Dir - straight line, f/p - cluie's ghost
Aim: cluie's ghost, wielding a weapon of protection (heavily damaged)
You miscast Searing Ray.
You are very lightly contaminated with residual magic.
The air around you crackles with energy!
Cluie's ghost casts a spell at you. The magic dart hits you!
You die...
Your body crumbles into a pile of gold.

,...#**####...#..#.........*
,#..,,....,................#
.#..**...****#......_......#
.#.#**..######...._..._....#
...####....#...............#
#..............#....⌠......#
.........................#**
.##...........#.W._..._.##
....(...........@..._...###
......)...................#******
.............###........###,,,,,,
......................$.# *,,,,,,
...#.>.......###.....####**,,,,,,
...#<........# #.....#...,,,,,,,,
...#.........###..........,,,,,,,
...#.................#.###*,,,,,,
.,....(................#* *,,,,,,


You could see cluie's ghost.

Vanquished Creatures
  3 adders (D:2)
  8 gnolls (D:2)
  2 giant geckos (D:1)
  A ball python (D:1)
  4 bats
  5 giant cockroaches
  12 goblins
  4 hobgoblins
  2 quokkas (D:2)
  7 kobolds
  7 rats
55 creatures vanquished.

Notes
Turn   | Place    | Note
--------------------------------------------------------------
     0 | D:1      | cluie the Demonspawn Conjurer began the quest for the Orb.
     0 | D:1      | Reached XP level 1. HP: 13/13 MP: 3/3
   286 | D:1      | Gained mutation: You regenerate a little health from kills. [demonic ancestry]
   286 | D:1      | Reached XP level 2. HP: 11/20 MP: 3/5
   433 | D:1      | Reached skill level 1 in Fighting
   460 | D:1      | Learned a level 2 spell: Searing Ray
   980 | D:2      | Reached XP level 3. HP: 23/26 MP: 3/6
  1213 | D:2      | Gained mutation: You are partially covered in yellow scales (AC +2). [demonic ancestry]
  1213 | D:2      | Reached XP level 4. HP: 29/32 MP: 1/7
  1397 | D:2      | Found a burning altar of Makhleb.
  1747 | D:2      | Learned a level 4 spell: Iskenderun's Mystic Blast
  1906 | D:2      | Reached XP level 5. HP: 23/37 MP: 2/9
  2047 | D:3      | Found a shadowy altar of Dithmenos.
  2049 | D:3      | Found a stormy altar of Qazlal.
  2049 | D:3      | Found a white marble altar of Elyvilon.
  2055 | D:3      | Found an opulent altar of Gozag.
  2055 | D:3      | Found a shimmering altar of Xom.
  2056 | D:3      | Found a basalt altar of Yredelemnul.
  2060 | D:3      | Noticed cluie's ghost (amateur DsCj)
  2063 | D:3      | Became a worshipper of Gozag Ym Sagoz the Greedy
  2078 | D:3      | Killed from afar by cluie's ghost

Vault maps used:
D:1:      dpeg_arrival_three_same_balls
D:2:      bloody_makhleb
D:3:      grunt_temple_overflow_open, vehumet_crystals, gup_sewer_entry_bowl,
          okawaru_altar_gauntlet_db

Action                   |  1- 3 |  4- 6 || total
-------------------------+-------+-------++-------
Melee: Whip              |   105 |    48 ||   153
 Cast: Magic Dart        |    28 |     9 ||    37
       Searing Ray       |     3 |     5 ||     8
  Use: Scroll            |     3 |     3 ||     6
       Potion            |       |     1 ||     1
 Stab: Sleeping          |     2 |     1 ||     3
  Eat: Chunk             |     2 |     2 ||     4
